 Dungeon Crawl Stone Soup version 0.26-a0-504-g0cf647090d (webtiles) character file.

Game seed: 590993930695526981

2 Kaldir the Digger (level 1, -1/10 HPs)
             Began as a Gargoyle Earth Elementalist on Aug 8, 2020.
             Killed from afar by a dart slug (4 damage)
             ... with a slug dart
             ... on level 1 of the Dungeon.
             The game lasted 00:00:27 (88 turns).

Kaldir the Digger (Gargoyle Earth Elementalist)       Turns: 88, Time: 00:00:28

Health: -1/10      AC:  4    Str: 11    XL:     1   Next: 40%
Magic:  3/3        EV: 12    Int: 15    God:
Gold:   2          SH:  0    Dex: 10    Spells: 3/4 levels left

rFire    . . .     SeeInvis .   e - +0 short sword
rCold    . . .     Faith    .   (no shield)
rNeg     + . .     Spirit   .   c - +0 robe
rPois    ∞         Reflect  .   (no helmet)
rElec    +         Harm     .   (no cloak)
rCorr    .                      (no gloves)
MR       .....                  (no boots)
Stlth    ++........             (no amulet)
HPRegen  0.03/turn              (no ring)
MPRegen  0.08/turn              (no ring)

@: no status effects
A: negative energy resistance 1, electricity resistance, unbreathing,
petrification resistance, rot immunity, AC +2
a: no special abilities


You were on level 1 of the Dungeon.
You visited 1 branch of the dungeon, and saw 1 of its levels.

You collected 2 gold pieces.

Inventory:

Hand Weapons
 a - a +0 dagger
 e - a +0 short sword (weapon)
Missiles
 b - 30 stones (quivered)
Armour
 c - a +0 robe (worn)
Scrolls
 d - 3 scrolls of teleportation {unknown}


   Skills:
 - Level 1.5 Dodging
 - Level 2.1 Stealth
 + Level 2.1 Spellcasting
   Level 0.7 Transmutations
 + Level 3.7 Earth Magic


You had 3 spell levels left.
You knew the following spells:

 Your Spells              Type           Power        Failure   Level
a - Sandblast             Erth           ##....       4%          1

Your spell library contained the following spells:

 Spells                   Type           Power        Failure   Level
 Passwall                 Tmut/Erth      #.......     13%         2
 Stone Arrow              Conj/Erth      #.....       30%         3
 Petrify                  Tmut/Erth      #.......     65%         4
 Lee's Rapid Deconstruct  Erth           ##........   78%         5


Dungeon Overview and Level Annotations

Branches:
Dungeon (1/15)

Altars:


Innate Abilities, Weirdness & Mutations

You are resistant to torment.
Your stone body is resilient. (AC +2)
You are immune to poison.
You resist negative energy. (rN+)
You are resistant to electric shocks. (rElec)
You can survive without breathing.
You are immune to petrification.
You are immune to rotting.


Message History

The ball python bites you. The ball python grabs you.
The ball python constricts you.
You barely miss the ball python.
The ball python is severely wounded.
The ball python bites you but does no damage.
The ball python constricts you.
You closely miss the ball python.
The ball python is severely wounded.
The ball python misses you. The ball python constricts you.
You hit the ball python.
You kill the ball python!
A dart slug comes into view.
You see here a ball python corpse.
The dart slug launches a dart at you. The slug dart hits you.
Ouch! That really hurt!
* * * LOW HITPOINT WARNING * * *
The dart slug launches a dart at you. The slug dart hits you.
You die...

# #. ..#. #.#.#####
#.#w....# #......b#
#......# #......#
##>..#.#######
#!....@.....#
#†#########.# #.# #.#
#####.### #.......#
####.###.#.####
#....§§.......#
####.§§§§≈≈≈≈≈≈..########.


You could see a dart slug and a bat (asleep).

Vanquished Creatures
  A ball python (D:1)
  A giant cockroach (D:1)
2 creatures vanquished.

Notes
Turn   | Place    | Note
-------+----------+-------------------------------------------
     0 | D:1      | Kaldir the Gargoyle Earth Elementalist began the quest for
                  | the Orb.
     0 | D:1      | Reached XP level 1. HP: 10/10 MP: 3/3
    88 | D:1      | Killed from afar by a dart slug

Illustrated notes

Levels and vault maps discovered:
D:1:      ebering_trefoil_twist, layout_basic

Action                   || total
-------------------------++-------
Melee: Short sword       ||    18
Armor: Robe              ||     3
Dodge: Dodged            ||    21

Table legend: (Time is in decaauts)
 A = Elapsed time spent in this place.
 B = Non-inter-level travel time spent in this place.
 C = Inter-level travel time spent in this place.
 D = Time resting spent in this place.
 E = Time spent auto-exploring this place.
 F = Levels seen in this place.
 G = Mean time per level.
                   A        B        C        D        E       F      G
               +--------+--------+--------+--------+--------+-----+--------+
         Total |     88 |     88 |      0 |      0 |     15 |   1 |   88.0 |
       Dungeon |     88 |     88 |      0 |      0 |     15 |   1 |   88.0 |
               +--------+--------+--------+--------+--------+-----+--------+

Top non-repeatable levels by time:
     D:1: 88 daAuts
